Unix NetHack Version 3.7.0-88 Work-in-progress - last build Aug 6 2023 13:40:22 (5c9c4c7fffe0d5f0a8b1342c2a36a56ed743986a,branch:master). Game began 2023-08-09 11:44:37, ended 2023-08-09 11:50:58. Arasaka, neutral female gnomish Archeologist ---------- ----------# ---------- |.........### |.)......|# ------ |........| |.....0..| ###### |........|e@##############0###.....|####+........| |.>......| # ##-.......%.#dr######0######## |....|# |........| --.--+-|-- # # |........| # |....|####.........| ## ################ |....b...| 0|....|# |........| # # ## # -----.---- #.....|# #.........| # # # ###|....-# #----.----- ##### ## # # #------# # # ## ## # ##################### #### ## ## ----.-- #### # ### ### # ## #......| ######### # #----|--- # # |......#### ------- # #|......| ---|--------## |..{..| #####......|## #|......| |..........-# ------- |.)...|# #-......| |......<...| ############..F[...# -------- |..........-########### ------- ------------ Arasaka the Field Worker St:11 Dx:10 Co:12 In:16 Wi:18 Ch:10 Neutral Dlvl:3 $:70 HP:0(19) Pw:10(10) AC:6 Xp:3/62 T:1507 Latest messages: You finish eating the gecko corpse. The door opens. You swap places with Korone. You see here 5 gold pieces. $ - 5 gold pieces (70 in total). You find a hidden door. With great effort you move the boulder. With great effort you move the boulder. You feel strong! You must have been exercising diligently. You feel tough! You must have been leading a healthy life-style. Korone bites the floating eye. You miss the homunculus. The homunculus bites! You kill the homunculus! The orc zombie hits! You lash the orc zombie. You destroy the orc zombie! You see here an orc corpse. You lash the floating eye. You are frozen by the floating eye's gaze! A giant rat suddenly appears! Korone misses the giant rat. Korone bites the giant rat. The giant rat misses Korone. Korone misses the giant rat. The giant rat bites! Korone bites the giant rat. The giant rat bites! Korone misses the giant rat. Korone misses the giant rat. The giant rat bites! Korone misses the giant rat. The giant rat bites! Korone misses the giant rat. The giant rat bites! Korone misses the giant rat. The giant rat bites! Korone bites the giant rat. The giant rat is killed! Korone misses the giant rat. Korone bites the giant rat. The giant rat bites Korone. The giant rat bites! The giant rat bites! The giant rat bites! The giant rat bites! The giant rat bites! You die... Inventory: Coins ('$') $ - 70 gold pieces Weapons (')') a - an uncursed +2 bullwhip (weapon in hand) Armor ('[') c - an uncursed +0 fedora (being worn) m - an uncursed +0 leather cloak (being worn) q - an uncursed +0 ring mail (being worn) Comestibles ('%') d - 2 uncursed food rations Tools ('(') h - an empty uncursed sack e - an uncursed +0 pick-axe (alternate weapon; not wielded) f - an uncursed tinning kit (0:85) Gems/Stones ('*') g - an uncursed touchstone Arasaka the Archeologist's attributes: Background: You were a Field Worker, a level 3 female gnomish Archeologist. You were neutral, nominally on a mission for Camaxtli who was opposed by Quetzalcoatl (lawful) and Huhetotl (chaotic). You were in the Dungeons of Doom, on level 3. You entered the dungeon 1507 turns ago. You had 62 experience points, 18 more were needed to attain level 4. Basics: You had 0 out of 19 hit points. You had all 10 energy points (spell power). Your armor class was 6. Your wallet contained 70 zorkmids. Autopickup was off. Final Characteristics: Your strength was 11 (limit:18/50). Your dexterity was 10 (limit:18). Your constitution was 12 (limit:18). Your intelligence was 16 (limit:19). Your wisdom was 18 (limit:18). Your charisma was 10 (limit:18). Final Status: You were not hungry. You were unencumbered. You were wielding a whip. You had basic skill with whip. Final Attributes: You were devoutly aligned. You had automatic searching. You had infravision. You were warded. You are dead. Miscellaneous: You disabled loading of bones levels. Total elapsed playing time was 6 minutes and 19 seconds. Major events: Turn 1: Arasaka the neutral female gnomish Archeologist entered the dungeon 922: attained the rank of Field Worker (level 3) 1507: killed by a giant rat, while frozen by a floating eye's gaze Vanquished creatures: a homunculus a giant bat an orc zombie 2 giant rats a brown mold 2 geckos 3 jackals 2 foxes a sewer rat 2 grid bugs 7 lichens 23 creatures vanquished. No species were genocided or became extinct. Voluntary challenges: You were an atheist. You were illiterate. You never engraved Elbereth. You never genocided any monsters. You never polymorphed an object. You never changed form. You used no wishes. Achievement: You attained the rank of Field Worker. The Dungeons of Doom: levels 1 to 4 Level 1: Level 2: A fountain. Level 3: <- You were here. A fountain. Final resting place for you, killed by a giant rat, while frozen by a floating eye's gaze. Level 4: Game over: ---------- / \ / REST \ / IN \ / PEACE \ / \ | Arasaka | | 70 Au | | killed by a | | giant rat | | | | | | 2023 | *| * * * | * _________)/\\_//(\/(/\)/\//\/|_)_______ Goodbye Arasaka the Archeologist... You died in The Dungeons of Doom on dungeon level 3 with 461 points, and 70 pieces of gold, after 1507 moves. You were level 3 with a maximum of 19 hit points when you died.